 Dungeon Crawl Stone Soup version 0.31-a0-1591-g515db51633 (webtiles) character file.

Game seed: 13961698998128382813

192 Pickler the Gusty (level 5, -7/50 HPs)
             Began as an Oni Air Elementalist on Jan 7, 2024.
             Was an Initiate of Makhleb.
             Mangled by a two-headed ogre
             ... wielding a +0 dire flail of protection
              (16 damage)
             ... on level 5 of the Dungeon.
             The game lasted 00:10:36 (3784 turns).

Pickler the Gusty (Oni Air Elementalist)            Turns: 3784, Time: 00:10:36

Health: -7/50      AC:  4    Str: 12    XL:     5   Next: 71%
Magic:  1/9        EV: 10    Int: 18    God:    Makhleb [......]
Gold:   68         SH:  0    Dex:  9    Spells: 7/10 levels left

rFire   . . .        l - +1 demon whip (venom)
rCold   . . .        (no shield)
rNeg    . . .        a - +0 robe
rPois   .            (helmet restricted)
rElec   .            e - +0 cloak
rCorr   .            (gloves unavailable)
SInv    .            (boots unavailable)
Will    .....        (no amulet)
Stlth   +            (no ring)
HPRegen 0.28/turn    (no ring)
MPRegen 0.11/turn

%: no passive effects
@: very slightly contaminated
A: large, unfitting armour, horns 1, tough skin 1, double potion healing,
drunken brawling
a: Renounce Religion


You were on level 5 of the Dungeon.
You worshipped Makhleb.
Makhleb was noncommittal.
You visited 1 branch of the dungeon, and saw 5 of its levels.

You collected 68 gold pieces.

Inventory:

Hand Weapons
 f - a +0 dagger
 g - a +0 mace
 l - a +1 demon whip of venom (weapon)
Missiles
 t - a throwing net
Armour
 a - a +0 robe (worn)
 e - a +0 cloak (worn)
Jewellery
 k - a ring of see invisible
Talismans
 c - a talisman of death
Wands
 v - a wand of paralysis (4)
 w - a wand of quicksilver (12)
Scrolls
 h - 2 scrolls of enchant armour {unknown}
 m - a scroll of butterflies {unknown}
 n - a scroll of brand weapon {unknown}
 o - a scroll of noise {unknown}
 p - a scroll of teleportation
 r - 2 scrolls of identify {unknown}
Potions
 b - a potion of magic
 d - a potion of lignification {unknown}
 i - a potion of brilliance {unknown}
 j - a potion of resistance {unknown}
 q - a potion of heal wounds {unknown}
 s - 2 potions of haste {unknown}
 u - a potion of degeneration {unknown}
 x - a potion of attraction {unknown}


   Skills:
 + Level 2.3 Fighting
 + Level 2.6 Dodging
 - Level 1.4 Stealth
 + Level 3.2 Spellcasting
 - Level 2.0 Conjurations
 - Level 1.0 Summonings
 + Level 1.4 Ice Magic
 + Level 3.3 Air Magic


You had 7 spell levels left.
You knew the following spells:

 Your Spells              Type           Power      Damage    Failure   Level
a - Shock                 Conj/Air       48%        1d6       5%          1
b - Static Discharge      Conj/Air       24%        3-4/arc   8%          2

Your spell library contained the following spells:

 Spells                   Type           Power      Damage    Failure   Level
 Swiftness                Air            15%        N/A       12%         3
 Slow                     Hex            8%         N/A       16%         1
 Frozen Ramparts          Ice            16%        1d3       26%         3
 Summon Ice Beast         Ice/Summ       7%         N/A       28%         3
 Airstrike                Air            7%         2d(2-18)  36%         4
 Confusing Touch          Hex            2%         N/A       43%         3
 Sigil of Binding         Hex            2%         N/A       43%         3
 Vampiric Draining        Necr           2%         2d6       43%         3
 Leda's Liquefaction      Alch/Erth      1%         N/A       85%         4
 Petrify                  Alch/Erth      2%         N/A       85%         4
 Metabolic Englaciation   Hex/Ice        2%         N/A       97%         5
 Summon Mana Viper        Hex/Summ       4%         N/A       98%         5
 Monstrous Menagerie      Summ           3%         N/A       100%        7


Dungeon Overview and Level Annotations

Branches:
Dungeon (5/15)
 Temple: D:4-7

Altars:
Fedhas
Makhleb

Annotations:
D:4 Dowan, Duvessa


Innate Abilities, Weirdness & Mutations

You are too large for most types of armour.
You have a pair of small horns on your head.
You have tough skin. (AC +1)
You gain doubled healing and magic from potions.
Whenever you drink a healing potion, you attack all around you.


Message History

There is a stone staircase leading down here.
The adder bites you but does no damage. The adder bites you.
You climb downwards.
The two-headed ogre shouts in stereo!
Found a ring mail.
There is a stone staircase leading up here.
The adder attacks as it pursues you! The adder bites you.
Casting: Shock (safe; 5% risk of failure)
Confirm with . or Enter, or press ? or * to list all spells.
Aiming: Shock (safe; 5% risk of failure)
Press: ? - help, Shift-Dir - straight line, f - adder
Aim: an adder (48% to hit)
The zap hits the adder.
The adder is lightly wounded.
The zap hits the two-headed ogre.
The two-headed ogre is lightly wounded.
The adder misses you.
Casting: Shock (safe; 5% risk of failure)
Confirm with . or Enter, or press ? or * to list all spells.
The adder is struck by an arc of lightning.
The adder is heavily wounded.
You are struck by an arc of lightning.
The adder is struck by an arc of lightning.
The adder is almost dead.
You are struck by an arc of lightning.
The lightning grounds out.
The adder bites you.
Casting: Static Discharge (safe; 8% risk of failure)
Confirm with . or Enter, or press ? or * to list all spells.
You miscast Static Discharge.
You are very lightly contaminated with residual magic.
Nothing appears to happen.
The adder bites you.
The two-headed ogre hits you with a +0 dire flail of protection!!
The two-headed ogre hits you with a +0 giant club!
* * * LOW HITPOINT WARNING * * *
The adder closely misses you.
Unknown command.
The adder attacks as it pursues you! The adder barely misses you.
The two-headed ogre attacks as it pursues you!
The two-headed ogre hits you with a +0 dire flail of protection!
You die...

...... #...[..
.....# ##.....# .
##......#
..######.......##
.........<......#
.......SO.####...
#.....@###
########


You could see a two-headed ogre and an adder.

Vanquished Creatures
  An ice beast (D:4)
  Crazy Yiuf (D:2)
  2 adders (D:2)
  A dart slug (D:2)
  A ribbon worm (D:2)
  A ball python (D:2)
  6 endoplasms
  3 giant cockroaches
  4 goblins
  5 hobgoblins
  2 kobolds (D:2)
  6 quokkas
  8 bats
  A frilled lizard (D:2)
  4 rats
46 creatures vanquished.

Notes
Turn   | Place    | Note
-------+----------+-------------------------------------------
     0 | D:1      | Pickler the Oni Air Elementalist began the quest for the
                  | Orb.
     0 | D:1      | Reached XP level 1. HP: 16/16 MP: 3/3
    41 | D:1      | Reached skill level 1 in Conjurations
   440 | D:1      | Reached XP level 2. HP: 26/26 MP: 2/5
  1270 | D:2      | Reached skill level 1 in Fighting
  1293 | D:2      | Reached XP level 3. HP: 13/33 MP: 2/7
  1499 | D:2      | Found a runed translucent door.
  1500 | D:2      | Noticed Crazy Yiuf
  2115 | D:2      | Reached XP level 4. HP: 38/41 MP: 8/8
  2532 | D:2      | Killed Crazy Yiuf
  2793 | D:2      | Learned a level 2 spell: Static Discharge
  3043 | D:3      | Found a blossoming altar of Fedhas.
  3251 | D:3      | Found a burning altar of Makhleb.
  3273 | D:3      | Became a worshipper of Makhleb the Destroyer
  3374 | D:3      | Found a faded altar of an unknown god.
  3670 | D:4      | Noticed an ice beast
  3679 | D:4      | Killed an ice beast
  3680 | D:4      | Reached skill level 1 in Summonings
  3680 | D:4      | Reached skill level 1 in Ice Magic
  3680 | D:4      | Reached XP level 5. HP: 31/50 MP: 0/9
  3767 | D:4      | Noticed Duvessa
  3767 | D:4      | Noticed Dowan
  3779 | D:5      | Entered Level 5 of the Dungeon
  3779 | D:5      | Noticed a two-headed ogre
  3784 | D:5      | Mangled by a two-headed ogre

Illustrated notes

Levels and vault maps discovered:
D:1:      dpeg_arrival_central, layout_loops_ring, palyth_stone_intersect,
          minmay_misc_feat_five
D:2:      layout_basic, roderic_serpentine_path, kennysheep_generic_room_9,
          uniq_crazy_yiuf_cottage
D:3:      layout_rooms, overflow_temple_1_default,
          mainiacjoe_overflow_concentric_impassable,
          hellmonk_ecumenical_altar_pennies_from_heaven,
          chequers_serial_rivers_micro_e, grunt_decor_fettered, minivault_5,
          st_stairs_2, hangedman_decor_growths
D:4:      layout_basic, tso_metal_star, kb_xom_exploding_sheep,
          lemuel_temple_firewalk_b, uniq_edmund, uniq_sigmund, uniq_duvessa
D:5:      layout_layer_cave, minivault_23

Skill      XL: |  1  2  3  4 |
---------------+-------------+-----
Conjurations   | 1 2 |  2.0
Dodging        | 2 |  2.6
Fighting       | 1 2 |  2.3
Air Magic      | 3 |  3.3
Spellcasting   | 3 |  3.2
Summonings     | 1 |  1.0
Ice Magic      | 1 |  1.4
Stealth        | |  1.4

Action                     |  1- 3 |  4- 6 || total
---------------------------+-------+-------++-------
  Melee: Unarmed           |    17 |       ||    17
         Headbutt          |    18 |     2 ||    20
         Mace              |    34 |       ||    34
         Dagger            |     5 |       ||     5
         Demon whip        |    11 |    20 ||    31
   Cast: Shock             |    40 |    16 ||    56
         Static Discharge  |       |     4 ||     4
    Use: Scroll            |       |     1 ||     1
 Armour: Robe              |    63 |    33 ||    96
  Dodge: Dodged            |    48 |    15 ||    63

Table legend: (Time is in decaauts)
 A = Elapsed time spent in this place.
 B = Non-inter-level travel time spent in this place.
 C = Inter-level travel time spent in this place.
 D = Time resting spent in this place.
 E = Time spent auto-exploring this place.
 F = Levels seen in this place.
 G = Mean time per level.
                   A        B        C        D        E       F      G
               +--------+--------+--------+--------+--------+-----+--------+
         Total |   3798 |   3498 |    300 |    703 |   2197 |   5 |  759.6 |
       Dungeon |   3798 |   3498 |    300 |    703 |   2197 |   5 |  759.6 |
               +--------+--------+--------+--------+--------+-----+--------+

Top non-repeatable levels by time:
     D:2: 1724 daAuts
     D:1: 1099 daAuts
     D:3: 857 daAuts
     D:4: 111 daAuts
     D:5: 4 daAuts
